 Dungeon Crawl Stone Soup version 0.20-a0-947-g2784f4f (webtiles) character file.

120 Duskembrace the Vexing (level 4, -6/30 HPs)
             Began as a Vampire Enchanter on Apr 2, 2017.
             Mangled by a gnoll
             ... wielding a +0 spear
              (7 damage)
             ... on level 2 of the Dungeon.
             The game lasted 00:07:13 (2246 turns).

Duskembrace the Vexing (Vampire Enchanter)          Turns: 2246, Time: 00:07:14

Health: -6/30      AC:  3    Str:  7    XL:     4   Next: 75%
Magic:  8/8        EV:  6    Int: 18    God:
Gold:   59         SH:  0    Dex: 14    Spells: 6/9 levels left

rFire    . . .     SeeInvis +   a - +1 dagger
rCold    + . .     Gourm    .   (no shield)
rNeg     + + .     Faith    .   b - +0 robe
rPois    +         Spirit   .   i - +0 helmet
rElec    .         Reflect  .   (no cloak)
rCorr    .         Harm     .   (no gloves)
MR       .....                  (no boots)
Stlth    +++++.....             (no amulet)
Regen    0.1/turn               r - ring of stealth
MPRegen  0.2/turn               (no ring)

@: held, regenerating slowly
A: fangs 3, see invisible, unbreathing
a: Bat Form


You were on level 2 of the Dungeon.
You were thirsty.

You visited 1 branch of the dungeon, and saw 2 of its levels.

You collected 59 gold pieces.

Inventory:

Hand Weapons
 a - a +1 dagger (weapon)
Armour
 b - a +0 robe (worn)
 i - a +0 helmet (worn)
Jewellery
 r - a ring of stealth (left hand)
Scrolls
 e - a scroll of teleportation {unknown}
 f - a scroll of enchant weapon {unknown}
 h - 2 scrolls of remove curse {unknown}
 k - a scroll of amnesia {unknown}
 l - 4 scrolls of random uselessness {unknown}
 p - a scroll of enchant armour {unknown}
Potions
 d - 10 potions of blood
 g - a potion of invisibility {unknown}
 j - 2 potions of heal wounds {unknown}
 m - a potion of curing {unknown}
 n - a potion of might {unknown}
 o - a potion of magic {unknown}
 q - a potion of haste {unknown}
Books
 c - a book of Maledictions

   Spells                             Type                      Level
   a - Corona                         Hexes                        1
   b - Ensorcelled Hibernation        Hexes/Ice                    2
   c - Confuse                        Hexes                        3
   d - Tukima's Dance                 Hexes                        3
   e - Dazzling Spray                 Conjuration/Hexes            3


   Skills:
 - Level 2.1 Short Blades
 - Level 2.1 Dodging
 + Level 5.3 Stealth
 - Level 3.0 Spellcasting
 * Level 5.7 Hexes
 - Level 1.0 Ice Magic


You had 6 spell levels left.
You knew the following spells:

 Your Spells              Type           Power        Failure   Level  Hunger
a - Corona                Hex            ###....      1%          1    None
b - Ensorcelled Hibernat  Hex/Ice        ##....       8%          2    ##.....


Dungeon Overview and Level Annotations

Branches:
Dungeon (2/15)

Altars:


Innate Abilities, Weirdness & Mutations

You heal slowly.
You have razor-sharp teeth.
You have supernaturally acute eyesight. (SInv)
You can survive without breathing.


Message History

The gnoll closely misses you.
You hit the gnoll but do no damage. The gnoll hits you with a spear!
The gnoll hits you from afar with a halberd!
The gnoll hits you from afar with a spear.
* * * LOW HITPOINT WARNING * * *
The gnoll throws a throwing net.
The throwing net hits you.
You become entangled in the net!
You see here a throwing net.
You struggle against the net.
You tear a large gash into the net.
The rat bites you but does no damage.
The gnoll hits you from afar with a halberd.
* * * LOW HITPOINT WARNING * * *
The gnoll hits you from afar with a spear.
* * * LOW HITPOINT WARNING * * *
You struggle against the net.
The leopard gecko bites you but does no damage.
The rat bites you but does no damage. The gnoll barely misses you.
The leopard gecko barely misses you.
The gnoll hits you from afar with a spear!
You die...

#....##.#
#.........#
############.#
#.........#
.............#
#.........#
##############
#.........#
#######
#.........#
#.....#
#.......$.#
#######.###.#
#.g.<.....+
........#
#.####rl.......#
#########
#....#@.g......#
####.#.....(...+
#.#.........#
#....########
######


You could see 2 gnolls, a leopard gecko and a rat.

Vanquished Creatures
  5 adders (D:2)
  4 gnolls (D:2)
  An ooze (D:2)
  2 dart slugs (D:1)
  A leopard gecko (D:1)
  2 giant cockroaches
  2 goblins
  3 hobgoblins
  A quokka (D:2)
  A ball python (D:2)
  3 frilled lizards
  5 kobolds
  6 rats
36 creatures vanquished.

Notes
Turn   | Place    | Note
-------+----------+-------------------------------------------
     0 | D:1      | Duskembrace the Vampire Enchanter began the quest for the Orb.
     0 | D:1      | Reached XP level 1. HP: 13/13 MP: 3/3
   590 | D:1      | Reached XP level 2. HP: 19/19 MP: 5/5
   594 | D:1      | Learned a level 2 spell: Ensorcelled Hibernation
  1556 | D:2      | Reached XP level 3. HP: 24/24 MP: 7/7
  2036 | D:2      | Reached skill level 5 in Hexes
  2036 | D:2      | Reached XP level 4. HP: 21/30 MP: 4/8
  2051 | D:2      | Reached skill level 5 in Stealth
  2238 | D:2      | Reached skill level 1 in Ice Magic
  2245 | D:2      | HP: 1/30 [gnoll/spear (2)]
  2246 | D:2      | Mangled by a gnoll

Vault maps used:
D:1:      minmay_arrival_shattered_statue
D:2:      minmay_pentomino_o2

Skill      XL: |  1  2  3  4 |
---------------+-------------+-----
Short Blades   | 2 |  2.1
Spellcasting   | 3 |  3.0
Hexes          | 5 |  5.7
Stealth        | 5 |  5.3
Ice Magic      | 1 |  1.0
Dodging        | |  2.1

Action                   |  1- 3 |  4- 6 || total
-------------------------+-------+-------++-------
Melee: Dagger            |    78 |     9 ||    87
       Bite              |     3 |       ||     3
 Cast: Corona            |     1 |       ||     1
       Ensorcelled Hiber |    12 |     5 ||    17
 Stab: Sleeping          |    15 |     7 ||    22
       Distracted        |     1 |       ||     1
  Eat: Corpse            |     3 |       ||     3
Armor: Robe              |     8 |     3 ||    11
Dodge: Dodged            |    33 |     8 ||    41
